 Dungeon Crawl Stone Soup version 0.30-a0-652-gcc886f7154 (webtiles) character file.

Game seed: 1657056624028551122

1 demibob the Twirler (level 1, 16/16 HPs)
             Began as a Demonspawn Gladiator on Jan 18, 2023.
             Was a Follower of Nemelex Xobeh.
             Quit the game on level 1 of the Dungeon.
             The game lasted 00:00:15 (45 turns).

demibob the Twirler (Demonspawn Gladiator)            Turns: 45, Time: 00:00:16

Health: 16/16      AC:  4    Str: 14    XL:     1   Next: 16%
Magic:  1/1        EV: 12    Int:  9    God:    Nemelex Xobeh [*.....]
Gold:   0          SH:  0    Dex: 14    Spells: 0/0 levels left

rFire   . . .      SeeInvis .    a - +0 quarterstaff
rCold   . . .      Faith    .    (shield currently unavailable)
rNeg    . . .      Spirit   .    b - +0 leather armour
rPois   .          Reflect  .    c - +0 helmet
rElec   .          Harm     .    (no cloak)
rCorr   .          Rampage  .    (no gloves)
Will    .....                    (no boots)
Stlth   +                        (no amulet)
HPRegen 0.22/turn                (no ring)
MPRegen 0.07/turn                (no ring)

@: no status effects
A: no striking features
a: Renounce Religion, Draw Escape, Draw Destruction, Draw Summoning


You were on level 1 of the Dungeon.
You worshipped Nemelex Xobeh.
Nemelex Xobeh was aware of your devotion.
You visited 1 branch of the dungeon, and saw 1 of its levels.


   Skills:
 - Level 2.0 Fighting
 + Level 2.8 Staves
 - Level 1.7 Throwing
 - Level 2.6 Dodging


You couldn't memorise any spells.
You didn't know any spells.
Your spell library was empty.

Inventory:

Hand Weapons
 a - a +0 quarterstaff (weapon)
Missiles
 d - 3 throwing nets (quivered) {=f}
 e - a javelin
Armour
 b - a +0 leather armour (worn)
 c - a +0 helmet (worn)

Dungeon Overview and Level Annotations

Branches:
Dungeon (1/15)

Altars:
Nemelex Xobeh

#.......>...#
###.#########
#.# ####.#
#....#
##.#..#
#.....#
#.♣.♣.#
#..@..#
#.♣.♣.#
#.....#
##....#
####.. ###


There were no monsters in sight!


Message History

An endoplasm is nearby!
An endoplasm is nearby!
The endoplasm freezes you.
You are frozen.
You hit the endoplasm.
The endoplasm is moderately wounded.
The endoplasm hits you but does no damage.
You hit the endoplasm.
You kill the endoplasm!
No target in view!
No target in view!
No target in view!
No target in view!
No target in view!
No target in view!
No target in view!
No target in view!
No target in view!
No target in view!
No target in view!
No target in view!
No target in view!
No target in view!
There is a faded altar of an unknown god here.
This altar belongs to (a) Jiyva, (b) Nemelex Xobeh or (c) Ashenzari, but you can't tell which.
Press the corresponding letter to learn more about a god, or press enter to convert or escape to cancel.
Nemelex Xobeh accepts your prayer! Nemelex Xobeh welcomes you!
You can now draw from decks of power.
Nemelex will now gift you decks of power as you gain piety.
Are you sure you want to abandon this character and quit the game? (Confirm with "yes".)

Action                   || total
-------------------------++-------
Melee: Quarterstaff      ||     2
Armor: Leather armour    ||     1

Levels and vault maps discovered:
D:1:      ldierk_walled_garden_2, layout_basic, chequers_ecumenical_altar_simple

Notes
Turn   | Place    | Note
-------+----------+-------------------------------------------
     0 | D:1      | demibob the Demonspawn Gladiator began the quest for the
                  | Orb.
     0 | D:1      | Reached XP level 1. HP: 16/16 MP: 1/1
    34 | D:1      | Found a faded altar of an unknown god.
    44 | D:1      | Prayed at the altar of an unknown god.
    44 | D:1      | Became a worshipper of Nemelex Xobeh the Trickster
    44 | D:1      | Reached * piety under Nemelex Xobeh
    45 | D:1      | Quit the game

Vanquished Creatures
  An endoplasm (D:1)
1 creature vanquished.

Table legend: (Time is in decaauts)
 A = Elapsed time spent in this place.
 B = Non-inter-level travel time spent in this place.
 C = Inter-level travel time spent in this place.
 D = Time resting spent in this place.
 E = Time spent auto-exploring this place.
 F = Levels seen in this place.
 G = Mean time per level.
                   A        B        C        D        E       F      G
               +--------+--------+--------+--------+--------+-----+--------+
         Total |     45 |     45 |      0 |      0 |     34 |   1 |   45.0 |
       Dungeon |     45 |     45 |      0 |      0 |     34 |   1 |   45.0 |
               +--------+--------+--------+--------+--------+-----+--------+

Top non-repeatable levels by time:
     D:1: 45 daAuts

Table legend:
 A = Non-vault XP
 B = Vault XP
 C = Vault XP percentage of total XP
 D = Non-vault monster count
 E = Vault monster count
 F = Vault count percentage of total count
                 A         B        C        D         E       F
            +---------+---------+-------+---------+---------+-------
      Total |       2 |       0 |   0.0 |       1 |       0 |   0.0
            +---------+---------+-------+---------+---------+-------
        D:1 |       2 |       0 |   0.0 |       1 |       0 |   0.0
            +---------+---------+-------+---------+---------+-------
